TOP OF THE 1ST |
Fort Wayne TinCaps batting - Pitching for Binghamton Mets : LHP Jared Deckard
|
Pitching: LHP Jared Deckard
|
|
Batting: LHB Ramon Vega
|
0-0: Ground out 4-3 (Groundball, 4, EV 88.8 MPH)
|
Batting: RHB Davey Verhoog
|
0-0: Swinging Strike 0-1: Fly out, F8 (Flyball, 89S, EV 91.9 MPH)
|
Batting: RHB Danny Loyola
|
0-0: Ball 1-0: Called Strike 1-1: Swinging Strike 1-2: Strikes out swinging
|
Top of the 1st over - 0 runs, 0 hits, 0 errors, 0 left on base; Fort Wayne 0 - Binghamton 0 |
BOTTOM OF THE 1ST |
Binghamton Mets batting - Pitching for Fort Wayne TinCaps : RHP Ben Bosley
|
Pitching: RHP Ben Bosley
|
|
Batting: RHB Oscar Bravo
|
0-0: Ball 1-0: Foul Ball, location: 2F 1-1: Ball 2-1: Swinging Strike 2-2: Foul Ball, location: 2F 2-2: Strikes out swinging
|
Batting: RHB Chris Artz
|
0-0: Ball 1-0: SINGLE (Flyball, 34D, EV 87.5 MPH)
|
Batting: RHB Jose Lara
|
0-0: Called Strike 0-1: Ball 1-1: Foul Ball, location: 2F 1-2: Ball Wild Pitch! Chris Artz to second 2-2: Strikes out swinging
|
Batting: SHB Masatoshi Akahoshi
|
0-0: Called Strike 0-1: Ball 1-1: Ball 2-1: Called Strike 2-2: Ball 3-2: Strikes out swinging
|
Bottom of the 1st over - 0 runs, 1 hit, 0 errors, 1 left on base; Fort Wayne 0 - Binghamton 0 |
TOP OF THE 2ND |
Fort Wayne TinCaps batting - Pitching for Binghamton Mets : LHP Jared Deckard
|
Batting: RHB Min-chin Yi
|
0-0: Ball 1-0: Swinging Strike 1-1: Ball 2-1: Called Strike 2-2: Foul Ball, location: 2F 2-2: Ball 3-2: Foul Ball, location: 2F 3-2: Foul Ball, location: 2F 3-2: Strikes out looking
|
Batting: RHB Alex Vasquez
|
0-0: Ball 1-0: Ground out 6-3 (Groundball, 6M, EV 80.6 MPH)
|
Batting: LHB Conor Barron
|
0-0: Foul Ball, location: 2F 0-1: DOUBLE (Line Drive, 5D, EV 98.1 MPH)
|
Batting: RHB Joe Weissman
|
0-0: Called Strike 0-1: Hit by Pitch
|
Pinch Runner at 1st David Reyna:
|
|
Batting: LHB Jeremy DiGenova
|
0-0: Called Strike 0-1: Foul Ball, location: 2F 0-2: Fly out, F8 (Flyball, 8RD, EV 92.5 MPH)
|
Top of the 2nd over - 0 runs, 1 hit, 0 errors, 2 left on base; Fort Wayne 0 - Binghamton 0 |
BOTTOM OF THE 2ND |
Binghamton Mets batting - Pitching for Fort Wayne TinCaps : RHP Ben Bosley
|
Now at C: David Reyna
|
|
Batting: SHB Jerry Burrows
|
0-0: Ball 1-0: Ball 2-0: Ground out U3 (Groundball, 34, EV 85.6 MPH)
|
Batting: RHB Mike Hanks
|
0-0: Foul Ball, location: 2F 0-1: SINGLE (Groundball, 3S, EV 65.6 MPH) (infield hit)
|
Batting: RHB Jim Freels
|
0-0: Fly out, F9 (Flyball, 89S, EV 88.8 MPH)
|
Batting: RHB Brian Bonin
|
0-0: Ball 1-0: Ball 2-0: Called Strike 2-1: Ball 3-1: Foul Ball, location: 2F 3-2: Foul Ball, location: 2F 3-2: Fly out, F6 (Flyball, 6MD, EV 95.6 MPH)
|
Bottom of the 2nd over - 0 runs, 1 hit, 0 errors, 1 left on base; Fort Wayne 0 - Binghamton 0 |
TOP OF THE 3RD |
Fort Wayne TinCaps batting - Pitching for Binghamton Mets : LHP Jared Deckard
|
Batting: RHB Alfredo Lemus
|
0-0: Called Strike 0-1: Ground out 5-3 (Groundball, 5L, EV 99.4 MPH)
|
Batting: LHB Ramon Vega
|
0-0: Ball 1-0: Ball 2-0: Called Strike 2-1: Ball 3-1: Base on Balls
|
Batting: RHB Davey Verhoog
|
0-0: Foul Ball, location: 2F 0-1: SINGLE (Line Drive, 9S, EV 112.5 MPH) Ramon Vega to second
|
Batting: RHB Danny Loyola
|
0-0: Ball 1-0: SINGLE (Groundball, 6M, EV 85.6 MPH) (infield hit) Ramon Vega to third Davey Verhoog to second
|
Batting: RHB Min-chin Yi
|
0-0: Fielders Choice at 2nd, 5-4 (Groundball, 5, EV 90.0 MPH) Ramon Vega scores Davey Verhoog to third
|
Batting: RHB Alex Vasquez
|
0-0: Ball 1-0: Ball Wild Pitch! Davey Verhoog scores Min-chin Yi to second 2-0: Called Strike 2-1: Swinging Strike 2-2: Foul Ball, location: 2F 2-2: Foul Ball, location: 2F 2-2: Strikes out swinging
|
Top of the 3rd over - 2 runs, 2 hits, 0 errors, 1 left on base; Fort Wayne 2 - Binghamton 0 |
BOTTOM OF THE 3RD |
Binghamton Mets batting - Pitching for Fort Wayne TinCaps : RHP Ben Bosley
|
Batting: RHB Michael Youngberry
|
0-0: Swinging Strike 0-1: Called Strike 0-2: Strikes out swinging
|
Batting: RHB Oscar Bravo
|
0-0: Ground out 4-3 (Groundball, 4, EV 86.2 MPH)
|
Batting: RHB Chris Artz
|
0-0: Called Strike 0-1: Called Strike 0-2: Foul Ball, location: 2F 0-2: Strikes out swinging
|
Bottom of the 3rd over - 0 runs, 0 hits, 0 errors, 0 left on base; Fort Wayne 2 - Binghamton 0 |
TOP OF THE 4TH |
Fort Wayne TinCaps batting - Pitching for Binghamton Mets : LHP Jared Deckard
|
Pitching: RHP Amare Golden
|
|
Batting: LHB Conor Barron
|
0-0: Ball 1-0: Called Strike 1-1: Foul Ball, location: 2F 1-2: Ball 2-2: Ball 3-2: Strikes out swinging
|
Batting: RHB David Reyna
|
0-0: Ball 1-0: Called Strike 1-1: Foul Ball, location: 2F 1-2: Foul Ball, location: 2F 1-2: Ball 2-2: SINGLE (Groundball, P, EV 83.8 MPH) (infield hit)
|
Batting: LHB Jeremy DiGenova
|
0-0: Grounds into double play, 5-4-3 (Groundball, 56, EV 78.1 MPH)
|
Top of the 4th over - 0 runs, 1 hit, 0 errors, 0 left on base; Fort Wayne 2 - Binghamton 0 |
BOTTOM OF THE 4TH |
Binghamton Mets batting - Pitching for Fort Wayne TinCaps : RHP Ben Bosley
|
Batting: RHB Jose Lara
|
0-0: SINGLE (Groundball, 4D, EV 100.6 MPH)
|
Batting: SHB Masatoshi Akahoshi
|
0-0: Ball 1-0: Fielders Choice at 2nd, 4-6 (Groundball, 4, EV 100.0 MPH)
|
Batting: SHB Jerry Burrows
|
0-0: Ball 1-0: Ball 2-0: Called Strike 2-1: Fly out, F8 (Flyball, 8RXD, EV 103.1 MPH)
|
Batting: RHB Mike Hanks
|
0-0: Ball Masatoshi Akahoshi is caught stealing 2nd base 2-4
|
Bottom of the 4th over - 0 runs, 1 hit, 0 errors, 0 left on base; Fort Wayne 2 - Binghamton 0 |
TOP OF THE 5TH |
Fort Wayne TinCaps batting - Pitching for Binghamton Mets : RHP Amare Golden
|
Batting: RHB Alfredo Lemus
|
0-0: Ball 1-0: Called Strike 1-1: Reached on error, E5 (Groundball, 56S, EV 92.5 MPH)
|
Batting: LHB Ramon Vega
|
0-0: Foul Ball, location: 2F 0-1: Ground out 4-3 (Groundball, 4, EV 85.6 MPH) Alfredo Lemus to third
|
Batting: RHB Davey Verhoog
|
0-0: Called Strike 0-1: Called Strike 0-2: Strikes out swinging
|
Batting: RHB Danny Loyola
|
0-0: Ball 1-0: Ball 2-0: Ball 3-0: Called Strike 3-1: Base on Balls
|
Batting: RHB Min-chin Yi
|
0-0: Called Strike 0-1: Foul Ball, location: 2F 0-2: Ground out U3 (Groundball, 3L, EV 95.0 MPH)
|
Top of the 5th over - 0 runs, 0 hits, 1 error, 2 left on base; Fort Wayne 2 - Binghamton 0 |
BOTTOM OF THE 5TH |
Binghamton Mets batting - Pitching for Fort Wayne TinCaps : RHP Ben Bosley
|
Batting: RHB Mike Hanks
|
0-0: Foul Ball, location: 2F 0-1: Ball 1-1: Foul Ball, location: 2F 1-2: Ball 2-2: Strikes out looking
|
Batting: RHB Jim Freels
|
0-0: Ball 1-0: Foul Ball, location: 2F 1-1: Called Strike 1-2: DOUBLE (Line Drive, 9LS, EV 106.9 MPH)
|
Batting: RHB Brian Bonin
|
0-0: Called Strike 0-1: Swinging Strike 0-2: Foul Ball, location: 2F 0-2: Ball 1-2: Ball 2-2: Foul Ball, location: 2F 2-2: Ball 3-2: Base on Balls
|
Batting: RHB Michael Youngberry
|
0-0: Ball 1-0: Swinging Strike 1-1: Foul Ball, location: 2F 1-2: Foul Ball, location: 2F 1-2: Fly out, F9 (Flyball, 9, EV 89.4 MPH)
|
Batting: RHB Oscar Bravo
|
0-0: SINGLE (Groundball, 6D, EV 95.0 MPH) Jim Freels to third Brian Bonin to second Runner from 3rd tries for Home, SAFE, throw by CF to home
|
Batting: RHB Chris Artz
|
0-0: Ball 1-0: Ball 2-0: Foul Ball, location: 2F 2-1: Ball Wild Pitch! Brian Bonin to third Oscar Bravo to second 3-1: Base on Balls
|
Batting: RHB Jose Lara
|
0-0: Ball 1-0: Fielders Choice at 2nd, 5-4 (Groundball, 56, EV 76.2 MPH)
|
Bottom of the 5th over - 1 run, 2 hits, 0 errors, 3 left on base; Fort Wayne 2 - Binghamton 1 |
TOP OF THE 6TH |
Fort Wayne TinCaps batting - Pitching for Binghamton Mets : RHP Amare Golden
|
Batting: RHB Alex Vasquez
|
0-0: Called Strike 0-1: Ball 1-1: SINGLE (Groundball, 56, EV 97.5 MPH)
|
Pitching: RHP Gabe Kelso
|
|
Batting: LHB Conor Barron
|
0-0: Ball Alex Vasquez is caught stealing 2nd base 2-6 1-0: Ball 2-0: Swinging Strike 2-1: Ball 3-1: SINGLE (Groundball, 34D, EV 105.6 MPH)
|
Batting: RHB David Reyna
|
0-0: Ball Wild Pitch! Conor Barron to second 1-0: Ball 2-0: Called Strike 2-1: Called Strike 2-2: Foul Ball, location: 2F 2-2: Foul Ball, location: 2F 2-2: Foul Ball, location: 2F 2-2: SINGLE (Groundball, 6D, EV 103.8 MPH) Conor Barron to third Runner from 3rd tries for Home, throw by CF and OUT! 8-2
|
Batting: LHB Jeremy DiGenova
|
0-0: Called Strike David Reyna is caught stealing 2nd base 2-6
|
Top of the 6th over - 0 runs, 3 hits, 0 errors, 0 left on base; Fort Wayne 2 - Binghamton 1 |
BOTTOM OF THE 6TH |
Binghamton Mets batting - Pitching for Fort Wayne TinCaps : RHP Ben Bosley
|
Batting: SHB Masatoshi Akahoshi
|
0-0: Ball 1-0: Called Strike 1-1: Ball 2-1: SINGLE (Line Drive, 8RS, EV 94.4 MPH)
|
Batting: SHB Jerry Burrows
|
0-0: Ball 1-0: Ball 2-0: Ball 3-0: Base on Balls Masatoshi Akahoshi to second
|
Pitching: RHP Mike Kirk
|
|
Batting: RHB Mike Hanks
|
0-0: Swinging Strike 0-1: Foul Ball, location: 2F 0-2: Ball Wild Pitch! Masatoshi Akahoshi to third Jerry Burrows to second 1-2: Foul Ball, location: 2F 1-2: Strikes out swinging
|
Batting: RHB Jim Freels
|
0-0: Ball 1-0: Called Strike 1-1: Swinging Strike 1-2: Foul Ball, location: 2F 1-2: Ball 2-2: Foul Ball, location: 2F 2-2: Foul Ball, location: 2F 2-2: Ball 3-2: Foul Ball, location: 2F 3-2: Foul Ball, location: 2F 3-2: Ground out 4-3 (Groundball, 34, EV 81.2 MPH)
|
Batting: RHB Brian Bonin
|
0-0: Ball 1-0: Ball 2-0: Ball 3-0: Called Strike 3-1: Fly out, F7 (Flyball, 78S, EV 88.1 MPH)
|
Bottom of the 6th over - 0 runs, 1 hit, 0 errors, 2 left on base; Fort Wayne 2 - Binghamton 1 |
TOP OF THE 7TH |
Fort Wayne TinCaps batting - Pitching for Binghamton Mets : RHP Gabe Kelso
|
Pitching: RHP Thomas Clark
|
|
Batting: LHB Jeremy DiGenova
|
0-0: Ball 1-0: Foul Ball, location: 2F 1-1: Ball 2-1: Reached on error, E6 (Groundball, 6M, EV 77.5 MPH)
|
Batting: RHB Alfredo Lemus
|
0-0: Called Strike 0-1: Bunt missed! 0-2: Ball 1-2: Ground out 5-3 (Groundball, 56S, EV 89.4 MPH) Jeremy DiGenova to second
|
Batting: LHB Ramon Vega
|
0-0: Ball 1-0: Ball 2-0: Ball 3-0: Base on Balls
|
Batting: RHB Davey Verhoog
|
0-0: Ball 1-0: Foul Ball, location: 2F 1-1: Ball 2-1: Called Strike 2-2: Ball 3-2: Strikes out swinging
|
Batting: RHB Danny Loyola
|
0-0: Called Strike 0-1: Fly out, F8 (Line Drive, 8RM, EV 90.0 MPH)
|
Top of the 7th over - 0 runs, 0 hits, 1 error, 2 left on base; Fort Wayne 2 - Binghamton 1 |
BOTTOM OF THE 7TH |
Binghamton Mets batting - Pitching for Fort Wayne TinCaps : RHP Mike Kirk
|
Pitching: LHP Brennan Duncan
|
|
Batting: RHB Michael Youngberry
|
0-0: Called Strike 0-1: Ball 1-1: Called Strike 1-2: Ball 2-2: Ball 3-2: Ground out 5-3 (Groundball, 5, EV 83.1 MPH)
|
Batting: RHB Oscar Bravo
|
0-0: Ground out 6-3 (Groundball, 56, EV 103.8 MPH)
|
Batting: RHB Chris Artz
|
0-0: Called Strike 0-1: Called Strike 0-2: Strikes out swinging
|
Bottom of the 7th over - 0 runs, 0 hits, 0 errors, 0 left on base; Fort Wayne 2 - Binghamton 1 |
TOP OF THE 8TH |
Fort Wayne TinCaps batting - Pitching for Binghamton Mets : RHP Thomas Clark
|
Pitching: LHP Brad Harris
|
|
Batting: RHB Min-chin Yi
|
0-0: Fly out, F8 (Flyball, 8LD, EV 98.8 MPH)
|
Batting: RHB Alex Vasquez
|
0-0: Called Strike 0-1: Called Strike 0-2: Ball 1-2: Strikes out swinging
|
Batting: LHB Conor Barron
|
0-0: Foul Ball, location: 2F 0-1: Ball 1-1: Ball 2-1: Ball 3-1: Foul Ball, location: 2F 3-2: Strikes out looking
|
Top of the 8th over - 0 runs, 0 hits, 0 errors, 0 left on base; Fort Wayne 2 - Binghamton 1 |
BOTTOM OF THE 8TH |
Binghamton Mets batting - Pitching for Fort Wayne TinCaps : LHP Brennan Duncan
|
Batting: RHB Jose Lara
|
0-0: Foul Ball, location: 2F 0-1: Called Strike 0-2: Ball 1-2: TRIPLE (Flyball, 9D, EV 103.1 MPH)
|
Batting: SHB Masatoshi Akahoshi
|
0-0: Ball 1-0: Foul Ball, location: 2F 1-1: Called Strike 1-2: Ball 2-2: SINGLE (Groundball, 4MD, EV 98.1 MPH) Jose Lara scores
|
Batting: SHB Jerry Burrows
|
0-0: Ball 1-0: DOUBLE (Line Drive, 89D, EV 108.8 MPH) Masatoshi Akahoshi to third
|
Batting: RHB Mike Hanks
|
0-0: SINGLE (Line Drive, 7LS, EV 106.2 MPH) Masatoshi Akahoshi scores Jerry Burrows to third
|
Batting: RHB Jim Freels
|
0-0: Called Strike 0-1: Ball 1-1: DOUBLE (Line Drive, 89M, EV 102.5 MPH) Jerry Burrows scores Mike Hanks to third
|
Batting: RHB Brian Bonin
|
0-0: Intentional Walk
|
Pitching: RHP Jay Cowgill
|
|
Batting: RHB Michael Youngberry
|
0-0: Swinging Strike 0-1: Foul Ball, location: 2F 0-2: Ball 1-2: Strikes out swinging
|
Batting: RHB Oscar Bravo
|
0-0: Called Strike 0-1: Swinging Strike 0-2: Foul Ball, location: 2F 0-2: Ball 1-2: DOUBLE (Line Drive, 78D, EV 110.0 MPH) Mike Hanks scores Jim Freels scores Brian Bonin to third
|
Batting: RHB Chris Artz
|
0-0: Fly out, F8 (Flyball, 78M, EV 83.1 MPH)
|
Batting: RHB Jose Lara
|
0-0: Called Strike 0-1: SINGLE (Line Drive, 56, EV 103.8 MPH) Brian Bonin scores Oscar Bravo to third Runner from 3rd tries for Home, SAFE, throw by LF to home
|
Batting: SHB Masatoshi Akahoshi
|
0-0: Called Strike 0-1: Ball 1-1: Called Strike 1-2: Ball 2-2: Foul Ball, location: 2F 2-2: Foul Ball, location: 2F 2-2: Fly out, F8 (Flyball, 8LM, EV 84.4 MPH)
|
Bottom of the 8th over - 7 runs, 7 hits, 0 errors, 1 left on base; Fort Wayne 2 - Binghamton 8 |
TOP OF THE 9TH |
Fort Wayne TinCaps batting - Pitching for Binghamton Mets : LHP Brad Harris
|
Batting: RHB David Reyna
|
0-0: Foul Ball, location: 2F 0-1: Ball 1-1: Foul Ball, location: 2F 1-2: Ball 2-2: Ball 3-2: Strikes out looking
|
Batting: LHB Jeremy DiGenova
|
0-0: SINGLE (Groundball, 4D, EV 98.8 MPH)
|
Batting: RHB Alfredo Lemus
|
0-0: Foul Ball, location: 2F 0-1: Fielders Choice at 2nd, 1-6 (Groundball, 13S, EV 70.6 MPH)
|
Batting: LHB Ramon Vega
|
0-0: Foul Ball, location: 2F 0-1: Foul Ball, location: 2F 0-2: Ball 1-2: Foul Ball, location: 2F 1-2: Strikes out looking
|
Top of the 9th over - 0 runs, 1 hit, 0 errors, 1 left on base; Fort Wayne 2 - Binghamton 8 |
|